 Dungeon Crawl Stone Soup version 0.30.1-4-g462c640d31 (webtiles) character file.

Game seed: 6538245729973218365

3049 lonewolfV2 the Basher (level 9, -3/56 HPs)
             Began as a Gargoyle Fighter on Aug 31, 2023.
             Was a Follower of Makhleb.
             Slain by a two-headed ogre
             ... wielding a +0 dire flail
              (23 damage)
             ... on level 8 of the Dungeon.
             The game lasted 00:09:14 (7562 turns).

lonewolfV2 the Basher (Gargoyle Fighter)            Turns: 7562, Time: 00:09:15

Health: -3/56      AC: 16    Str: 21    XL:     9   Next: 87%
Magic:  9/9        EV: 12    Int:  8    God:    Makhleb [*.....]
Gold:   350        SH:  5    Dex: 13    Spells: 8/8 levels left

rFire   + . .        a - +1 flail (venom)
rCold   + + .        c - +0 buckler
rNeg    + . .        h - +2 leather armour of the Known World {rPois rF+ Will+}
rPois   ∞            (no helmet)
rElec   +            (no cloak)
rCorr   +            (no gloves)
SInv    .            (no boots)
Will    +....        (no amulet)
Stlth   ++           i - +4 ring of protection
HPRegen 0.29/turn    r - ring of ice
MPRegen 0.11/turn

%: no passive effects
@: resistant
A: sickness immunity, AC +6, negative energy resistance 1, electricity
resistance, torment resistance 1, petrification resistance
a: Renounce Religion


You were on level 8 of the Dungeon.
You worshipped Makhleb.
Makhleb was aware of your devotion.
You visited 1 branch of the dungeon, and saw 8 of its levels.

You collected 532 gold pieces.
You spent 182 gold pieces at shops.

Inventory:

Hand Weapons
 a - a +1 flail of venom (weapon)
Missiles
 e - a throwing net (quivered)
Armour
 b - a +0 scale mail
 c - a +0 buckler (worn)
 h - the +2 leather armour of the Known World (worn) {rPois rF+ Will+}
   (You found it on level 2 of the Dungeon)

   rF:        It protects you from fire.
   rPois:     It protects you from poison.
   Will:      It increases your willpower.
 B - +0 pearl dragon scales
Jewellery
 i - a +4 ring of protection (left hand)
 l - a ring of resist corrosion
 r - a ring of ice (right hand)
 v - a ring of fire
Wands
 o - a wand of charming (10)
 y - a wand of polymorph (11)
 z - a wand of iceblast (7)
Scrolls
 j - 2 scrolls of teleportation
 t - a scroll of enchant weapon
 C - 2 scrolls of fog
 D - a scroll of magic mapping
 F - a scroll of brand weapon
Potions
 d - 2 potions of might
 f - a potion of attraction
 g - 3 potions of cancellation {unknown}
 k - 2 potions of curing
 m - a potion of ambrosia {unknown}
 n - 2 potions of brilliance
 p - a potion of heal wounds
 q - 2 potions of resistance
 s - a potion of berserk rage {unknown}
 u - 2 potions of lignification {unknown}
 w - 3 potions of flight {unknown}
 x - a potion of mutation {unknown}
 A - 2 potions of haste {unknown}


   Skills:
 + Level 6.9 Fighting
 + Level 9.0 Maces & Flails
 + Level 4.6 Armour
 + Level 4.2 Dodging
 + Level 2.8 Stealth
 + Level 6.5 Shields


You had 8 spell levels left.
You didn't know any spells.
Your spell library contained the following spells:

 Spells                   Type           Power      Damage    Failure   Level
 Necrotise                Necr           0%         1d4       52%         1
 Static Discharge         Conj/Air       0%         2-2/arc   65%         2
 Vampiric Draining        Necr           0%         2d6       87%         3
 Airstrike                Air            0%         2d(0-16)  99%         4
 Summon Lightning Spire   Summ/Air       0%         N/A       99%         4
 Agony                    Necr           0%         N/A       100%        5


Dungeon Overview and Level Annotations

Branches:
Dungeon (8/15)             Temple (0/1) D:6
   Lair: D:8-11

Altars:
Fedhas
Makhleb
Qazlal
Ru
Vehumet
Wu Jian
Xom

Shops:
D:6 !   D:7 *

Annotations:
D:3 2 transporters, turdburglar's ghost, amateur DsFi
D:5 2 transporters, ranchalot's ghost, novice SpVM


Innate Abilities, Weirdness & Mutations

You are immune to sickness and miasma.
Your stone body is resilient. (AC +6)
You are immune to poison.
You resist negative energy. (rN+)
You are resistant to electric shocks. (rElec)
You are resistant to unholy torment.
You are immune to petrification.


Message History

The two-headed ogre is lightly wounded.
The two-headed ogre barely misses you. x2; You block the orc's attack.
You hit the two-headed ogre.
The two-headed ogre looks as sick as possible!
The two-headed ogre is lightly wounded.
The orc closely misses you.
The two-headed ogre hits you with a +0 dire flail!
The two-headed ogre hits you with a +0 giant club.
You barely miss the two-headed ogre.
The two-headed ogre is lightly wounded.
The orc misses you.
You sock the two-headed ogre!
The two-headed ogre looks as sick as possible!
The two-headed ogre is heavily wounded.
The two-headed ogre hits you with a +0 dire flail!
* * * LOW HITPOINT WARNING * * *
The two-headed ogre completely misses you.
You block the orc's attack.
You feel better. The two-headed ogre misses you.
The two-headed ogre hits you but does no damage.
The orc misses you.
You hit the two-headed ogre but do no damage.
The two-headed ogre is heavily wounded.
The orc hits you but does no damage.
You completely miss the two-headed ogre.
The two-headed ogre is heavily wounded.
The two-headed ogre hits you with a +0 dire flail!
* * * LOW HITPOINT WARNING * * *
The two-headed ogre barely misses you. The orc misses you.
You feel much better. The orc closely misses you.
The two-headed ogre hits you with a +0 dire flail.
You block the two-headed ogre's attack.
You sock the two-headed ogre!
The two-headed ogre looks as sick as possible!
The two-headed ogre is severely wounded.
You sock the two-headed ogre!
The two-headed ogre is almost dead.
The orc hits you but does no damage.
The two-headed ogre hits you with a +0 dire flail!!
You die...

#.#####.###.#.####.#######
#.#####.# #....###.# .....
#....##.###.....##.#......
#.##.##.##...÷...#...≈≈.≈≈
#.##.##.#.............≈.§.
#............<......≈.....
....##########....)###.≈≈...≈
## . #....## ...._.. .#
#@#.## .≈§...≈ # ##O###
.§§.... #oo)# §§§≈.≈^ #...#
.≈ #...# #...# #.(.# .....
.......


You could see a two-headed ogre (extremely poisoned) and 2 orcs.

Vanquished Creatures
  Prince Ribbit (D:4)
  2 water moccasins
  An orc warrior (D:8)
  3 ice beasts
  A sky beast (D:7)
  A black bear (D:4)
  2 ogres
  A centaur (D:5)
  2 kobold brigands
  3 bullfrogs
  3 scorpions
  13 killer bees
  A howler monkey (D:5)
  3 hounds
  4 jellies
  3 orc priests
  3 sleepcaps
  3 orc wizards
  3 iguanas
  4 gnolls (D:3)
  3 adders
  A white imp (D:6)
  3 ufetubi
  3 worms
  A dart slug (D:1)
  11 orcs
  4 bats
  4 endoplasms (D:1)
  2 giant cockroaches (D:1)
  6 goblins
  8 hobgoblins
  5 jackals
  3 quokkas
  6 ball pythons
  3 frilled lizards
  21 kobolds
  6 rats
147 creatures vanquished.

Notes
Turn   | Place    | Note
-------+----------+-------------------------------------------
     0 | D:1      | lonewolfV2 the Gargoyle Fighter began the quest for the
                  | Orb.
     0 | D:1      | Reached XP level 1. HP: 14/14 MP: 1/1
   126 | D:1      | Reached XP level 2. HP: 18/19 MP: 2/2
   416 | D:1      | Reached XP level 3. HP: 23/23 MP: 3/3
   658 | D:1      | Found a faded altar of an unknown god.
  1196 | D:2      | Identified the +2 leather armour of the Known World {rPois
                  | rF+ Will+}
  1605 | D:3      | Found a transporter.
  1607 | D:3      | Found a transporter.
  1607 | D:3      | Noticed turdburglar's ghost (amateur DsFi)
  1708 | D:3      | Reached XP level 4. HP: 14/29 MP: 4/4
  1944 | D:3      | Identified the +0 ring mail "Efraps Ebru" {Str-5 Int+5}
  1965 | D:3      | Reached skill level 3 in Maces & Flails
  2076 | D:3      | Reached skill level 1 in Dodging
  2076 | D:3      | Reached XP level 5. HP: 33/33 MP: 5/5
  2661 | D:3      | Identified the +7 dagger of Neurosis {holy, rElec}
  2804 | D:4      | Found a burning altar of Makhleb.
  2822 | D:4      | Became a worshipper of Makhleb the Destroyer
  3006 | D:4      | Reached skill level 4 in Maces & Flails
  3011 | D:4      | Reached XP level 6. HP: 27/38 MP: 6/6
  3211 | D:4      | Noticed a black bear
  3243 | D:4      | Reached skill level 1 in Stealth
  3691 | D:4      | Killed a black bear
  3692 | D:4      | Reached skill level 5 in Maces & Flails
  3692 | D:4      | Reached XP level 7. HP: 43/44 MP: 7/7
  3728 | D:5      | Entered Level 5 of the Dungeon
  3728 | D:5      | Noticed Prince Ribbit
  3747 | D:4      | Killed Prince Ribbit
  3983 | D:5      | Reached skill level 5 in Fighting
  3983 | D:5      | Found a stormy altar of Qazlal.
  4103 | D:5      | Reached skill level 6 in Maces & Flails
  4149 | D:5      | Reached XP level 8. HP: 45/49 MP: 8/8
  4184 | D:5      | Found a transporter.
  4203 | D:5      | Noticed ranchalot's ghost (novice SpVM)
  4419 | D:5      | Found a blossoming altar of Fedhas.
  4739 | D:5      | Found a transporter.
  5036 | D:6      | Found a staircase to the Ecumenical Temple.
  5055 | D:6      | Reached skill level 7 in Maces & Flails
  5055 | D:6      | Reached skill level 5 in Shields
  5195 | D:6      | Found Buklyare's Distillery.
  5203 | D:6      | Bought a potion of curing for 42 gold pieces
  5203 | D:6      | Bought 2 potions of heal wounds for 140 gold pieces
  5717 | D:6      | Found a shimmering altar of Xom.
  5858 | D:7      | Found an ornate altar of the Wu Jian Council.
  5893 | D:7      | Found a radiant altar of Vehumet.
  5947 | D:7      | Reached * piety under Makhleb
  5948 | D:7      | Reached XP level 9. HP: 54/55 MP: 9/9
  6028 | D:7      | Found Yfidol's Overcharged Wands.
  6700 | D:7      | Reached skill level 8 in Maces & Flails
  7348 | D:8      | Found a sacrificial altar of Ru.
  7528 | D:8      | Noticed a two-headed ogre
  7545 | D:8      | Reached skill level 9 in Maces & Flails
  7562 | D:8      | Slain by a two-headed ogre

Illustrated notes

Levels and vault maps discovered:
D:1:      dpeg_arrival_stone_temple_mockup, layout_basic,
          ebering_ecumenical_altar_petrified, minmay_box_of_dots
D:2:      layout_basic, serial_bayou_ford_a
D:3:      layout_basic, gammafunk_ghost_arena
D:4:      layout_basic, mainiacjoe_overflow_cross_hatched, grunt_tough_drop
D:5:      layout_basic, mainiacjoe_overflow_six_doors_small,
          overflow_temple_1_default, gammafunk_ghost_arena, minmay_door_square,
          kennysheep_small_circle, uniq_prince_ribbit1
D:6:      layout_rooms, lemuel_coloured_pillars_altar,
          minmay_temple_entry_purple_smoke, serial_shops, nicolae_shop_stone,
          minmay_fountain_box, kennysheep_generic_room_13
D:7:      layout_basic, mainiacjoe_overflow_tiny_flanked, vehumet_crystals,
          nicolae_shop_overcharged_wands
D:8:      layout_loops_cross, mainiacjoe_overflow_small_starburst,
          uniq_gastronok, uniq_maggie

Skill      XL: |  1  2  3  4  5  6  7  8  9 |
---------------+----------------------------+-----
Maces & Flails | 3 4 5 6 7 9 |  9.0
Dodging        | 1 2 3 4 |  4.2
Shields        | 4 5 6 |  6.5
Fighting       | 4 5 6 |  6.9
Stealth        | 1 2 |  2.8
Armour         | 4 |  4.6

Action                     |  1- 3 |  4- 6 |  7- 9 || total
---------------------------+-------+-------+-------++-------
  Melee: Flail             |   130 |    97 |   279 ||   506
    Use: Scroll            |     5 |       |     7 ||    12
         Potion            |       |       |     4 ||     4
   Stab: Sleeping          |       |       |     2 ||     2
 Armour: Scale mail        |    63 |       |       ||    63
         Leather armour    |    37 |    47 |   165 ||   249
  Dodge: Dodged            |    58 |    57 |   183 ||   298
  Block: Buckler           |    36 |    19 |    94 ||   149
